 Dungeon Crawl Stone Soup version 0.29.1-2-gbd0b4ee654 (webtiles) character file.

Game seed: 12804647730012119068

473 mortz the Digger (level 7, -8/36 HPs)
             Began as a Kobold Earth Elementalist on Nov 21, 2022.
             Mangled by a gnoll bouda
             ... wielding a +2 whip of electrocution
              (11 damage)
             ... on level 4 of the Dungeon.
             The game lasted 00:29:39 (5732 turns).

mortz the Digger (Kobold Earth Elementalist)        Turns: 5732, Time: 00:29:40

Health: -8/36      AC:  6    Str:  5    XL:     7   Next: 32%
Magic:  19/22      EV: 18    Int: 19    God:
Gold:   98         SH:  0    Dex: 22    Spells: 9/15 levels left

rFire   . . .      SeeInvis .   K - +9 sling of Dawn {vorpal, rC+ Dex+4 Stlth+}
rCold   + . .      Faith    .   (no shield)
rNeg    . . .      Spirit   .   l - +0 leather armour
rPois   .          Reflect  .   (no helmet)
rElec   .          Harm     .   p - +0 cloak
rCorr   .          Rampage  .   L - +1 pair of gloves "Rolluo Tyish" {MP+9 Dex+3}
Will    .....                   (no boots)
Stlth   ++++......              (no amulet)
HPRegen 0.12/turn               N - ring of wizardry
MPRegen 0.18/turn               O - +4 ring of evasion

@: weakened
A: small, no large weapons, nightstalker 3
a: no special abilities


You were on level 4 of the Dungeon.
You visited 1 branch of the dungeon, and saw 7 of its levels.

You collected 297 gold pieces.
You spent 199 gold pieces at shops.

Inventory:

Hand Weapons
 c - a +0 spear
 k - a +0 short sword
 m - a +0 dagger
 o - a +2 whip of venom
 F - a +0 war axe
 K - the +9 sling of Dawn (weapon) {vorpal, rC+ Dex+4 Stlth+}
   (You found it on level 4 of the Dungeon)

   Any ammunition fired from it inflicts extra damage upon your enemies.
   Dex:       It affects your dexterity (+4).
   rC:        It protects you from cold.
   Stlth:     It makes you more stealthy.
Missiles
 D - 7 poisoned darts
Armour
 a - a +0 robe
 e - a +0 ring mail
 l - a +0 leather armour (worn)
 p - a +0 cloak (worn)
 L - the +1 pair of gloves "Rolluo Tyish" (worn) {MP+9 Dex+3}
   (You bought it in a shop on level 4 of the Dungeon)

   Dex:       It affects your dexterity (+3).
   MP:        It affects your magic capacity (+9).
Jewellery
 g - an amulet of guardian spirit
 E - an amulet of faith
 M - a ring of fire
 N - a ring of wizardry (left hand)
 O - a +4 ring of evasion (right hand)
Wands
 G - a wand of charming (4)
Scrolls
 b - a scroll of noise {unknown}
 d - 3 scrolls of teleportation {unknown}
 j - a scroll of poison {unknown}
 n - 5 scrolls of identify {unknown}
 q - a scroll of torment {unknown}
 u - a scroll of amnesia {unknown}
 v - a scroll of blinking {unknown}
 w - a scroll of immolation {unknown}
 x - a scroll of fog {unknown}
 y - a scroll of enchant armour {unknown}
 B - a scroll of fear {unknown}
 H - 2 scrolls of acquirement {unknown}
 J - a scroll of magic mapping {unknown}
Potions
 f - 3 potions of might {unknown}
 h - a potion of mutation {unknown}
 i - a potion of lignification {unknown}
 r - 3 potions of curing {unknown}
 s - a potion of heal wounds {unknown}
 t - a potion of magic
 z - 2 potions of haste {unknown}
 A - a potion of brilliance {unknown}
 C - a potion of ambrosia {unknown}
 I - a potion of flight {unknown}


   Skills:
 - Level 2.4 Dodging
 - Level 2.6 Stealth
 + Level 4.5 Spellcasting
 * Level 0.9 Conjurations
 + Level 1.2 Transmutations
 + Level 6.5 Earth Magic


You had 9 spell levels left.
You knew the following spells:

 Your Spells              Type           Power      Damage    Failure   Level
a - Sandblast             Erth           58%        2d13      1%          1
p - Passwall              Tmut/Erth      15%        N/A       2%          2
s - Stone Arrow           Conj/Erth      36%        3d9       6%          3

Your spell library contained the following spells:

 Spells                   Type           Power      Damage    Failure   Level
 Petrify                  Tmut/Erth      19%        N/A       17%         4
 Gell's Gravitas          Tloc           4%         N/A       26%         3
 Lesser Beckoning         Tloc           4%         N/A       26%         3
 Teleport Other           Tloc           4%         N/A       26%         3


Dungeon Overview and Level Annotations

Branches:
Dungeon (7/15) Zot: 26142
 Temple: D:4-7

Altars:

Shops:
D:3 (   D:4 [

Annotations:
D:2 1 runed translucent door, Crazy Yiuf
D:3 3 runed translucent doors, kingsuperguy's ghost, amateur MfSu
D:5 Sigmund


Innate Abilities, Weirdness & Mutations

You are small and have problems with some larger weapons.
You are completely attuned to the shadows.


Message History

The gnoll bouda hits you with a +2 whip of electrocution.
There is a stone staircase leading up here.
The gnoll misses you. The gnoll hits you with a +0 club!
* * * LOW HITPOINT WARNING * * *
The gnoll bouda barely misses you.
You climb upwards.
There is a stone staircase leading down here.
You are too injured to fight recklessly!
Okay, then.
You are too injured to fight recklessly!
Really attack while wielding the +9 sling of Dawn {vorpal, rC+ Dex+4 Stlth+}?
Okay, then.
Aiming: Sandblast (safe; 1% risk of failure)
Press: ? - help, Q - select action, (/) - cycle Shift-Dir - straight line, f - gnoll bouda
Aim: a gnoll bouda, wielding a +2 whip of electrocution and wearing a +2 leather armour of willpower (moderately wounded, 85% to hit)
Okay, then.
You are too injured to fight recklessly!
Aiming: Sandblast (safe; 1% risk of failure)
Press: ? - help, Q - select action, (/) - cycle Shift-Dir - straight line, f - gnoll bouda
Aim: a gnoll bouda, wielding a +2 whip of electrocution and wearing a +2 leather armour of willpower (moderately wounded, 85% to hit)
The blast of sand hits the gnoll bouda but does no damage.
The gnoll bouda is moderately wounded.
Your attacks no longer feel as feeble.
The gnoll bouda hits you with a +2 whip of electrocution.
* * * LOW HITPOINT WARNING * * *
The gnoll bouda attacks as you move away!
The gnoll bouda misses you.
The gnoll bouda attacks as you move away!
The gnoll bouda hits you with a +2 whip of electrocution.
* * * LOW HITPOINT WARNING * * *
Items here: )))) [[[.
The gnoll bouda attacks as you move away!
The gnoll bouda barely misses you.
The gnoll bouda gazes fiercely through you!
You feel your attacks grow feeble.
The gnoll bouda attacks as you move away!
The gnoll bouda hits you with a +2 whip of electrocution.
* * * LOW HITPOINT WARNING * * *
You are electrocuted!
You die...

# # ############# #
#...........###### #
#.###.#.###......# #
#.###.#.###.####.####
#.##...........#.##.##
#.##..#.###.##.....#.#
#.##.@#.###.####......
#....g......####..###.
####[######.......# #.
###.############.###.
#.......# #..........
#.#.###.# #.....###.#
#.#.###.# #.........#
#.#..##.# #..........
#>##.##.# #......##.#


You could see a gnoll bouda.

Vanquished Creatures
  A phantom (D:6)
  A scorpion (D:4)
  A jelly (D:4)
  2 orc priests
  An iguana (D:4)
  6 gnolls
  4 adders
  A shadow imp (D:5)
  3 worms
  5 dart slugs
  9 orcs
  9 endoplasms
  4 giant cockroaches
  5 goblins
  11 hobgoblins
  6 jackals (D:3)
  3 quokkas
  7 ball pythons
  7 bats
  4 frilled lizards
  10 kobolds
  3 rats
103 creatures vanquished.

Notes
Turn   | Place    | Note
-------+----------+-------------------------------------------
     0 | D:1      | mortz the Kobold Earth Elementalist began the quest for the
                  | Orb.
     0 | D:1      | Reached XP level 1. HP: 10/10 MP: 3/3
   135 | D:1      | Reached XP level 2. HP: 15/15 MP: 3/5
   345 | D:1      | Reached XP level 3. HP: 3/19 MP: 1/6
  1010 | D:1      | Found a faded altar of an unknown god.
  1052 | D:1      | Reached skill level 4 in Earth Magic
  1521 | D:2      | Reached XP level 4. HP: 24/24 MP: 6/8
  1939 | D:2      | Reached XP level 5. HP: 27/28 MP: 6/9
  2109 | D:2      | Found a runed translucent door.
  2112 | D:2      | Noticed Crazy Yiuf
  2756 | D:3      | Reached skill level 5 in Earth Magic
  2914 | D:3      | Found a runed translucent gate.
  2920 | D:3      | Found a runed translucent gate.
  3173 | D:3      | Found Yvawint's Antique Weapon Shop.
  3287 | D:3      | Found a runed translucent gate.
  3290 | D:3      | Noticed an ogre
  3526 | D:3      | Reached XP level 6. HP: 32/32 MP: 9/11
  3668 | D:3      | Noticed kingsuperguy's ghost (amateur MfSu)
  4751 | D:4      | You fall into a shaft and drop 3 floors!
  4777 | D:6      | Reached skill level 6 in Earth Magic
  4777 | D:6      | Reached XP level 7. HP: 29/36 MP: 9/13
  4887 | D:5      | Entered Level 5 of the Dungeon
  5073 | D:4      | Learned a level 2 spell: Passwall
  5077 | D:4      | Learned a level 3 spell: Stone Arrow
  5086 | D:4      | Identified the +9 sling of Dawn {vorpal, rC+ Dex+4 Stlth+}
  5138 | D:4      | Found Esasi's Antique Armour Emporium.
  5144 | D:4      | Bought a pair of faintly humming gloves for 199 gold pieces
  5144 | D:4      | Identified the +1 pair of gloves "Rolluo Tyish" {MP+9
                  | Dex+3} (You bought it in a shop on level 4 of the Dungeon)
  5675 | D:5      | Noticed Sigmund
  5732 | D:4      | Mangled by a gnoll bouda

Illustrated notes

Levels and vault maps discovered:
D:1:      sevenhm_arrival_forest_fort_small_4, layout_basic,
          basic_ecumenical_altar, serial_bayou, serial_bayou_pond_e,
          serial_bayou_pond_a, serial_bayou_ford_a, serial_bayou_pond_d
D:2:      layout_rooms, amcnicky_mini_rare_corridor_liquid, grunt_ministairs_2,
          uniq_crazy_yiuf_cottage
D:3:      layout_basic, serial_shops, shop, gammafunk_ghost_split
D:4:      layout_loops_cross, serial_shops, shop, nicolae_underground_beach
D:5:      layout_rooms, amcnicky_altar_gilded, grunt_decor_clamped,
          minivault_24, uniq_sigmund
D:6:      layout_basic, xom_teletrap_fun, minmay_temple_entry_butterflies,
          nicolae_eternal_life, minmay_pentangle, uniq_maggie
D:7:      layout_basic, chequers_temple_overflow_statue_of_worship,
          enter_bailey_4, kennysheep_potato

Skill      XL: |  1  2  3  4  5  6 |
---------------+-------------------+-----
Earth Magic    | 4 5 6 |  6.5
Spellcasting   | 3 4 |  4.5
Dodging        | |  2.4
Stealth        | |  2.6
Conjurations   | |  0.9
Transmutations | |  1.2

Action                   |  1- 3 |  4- 6 |  7- 9 || total
-------------------------+-------+-------+-------++-------
Melee: Spear             |     2 |       |       ||     2
       Dagger            |     1 |     2 |       ||     3
 Fire: Sling             |       |       |     2 ||     2
 Cast: Sandblast         |    44 |    97 |    22 ||   163
 Stab: Sleeping          |     1 |     2 |       ||     3
Armor: Robe              |     1 |     1 |       ||     2
       Leather armour    |       |     4 |     1 ||     5
Dodge: Dodged            |     8 |    30 |    12 ||    50
